 Dungeon Crawl Stone Soup version 0.26.1-11-gd32895ea62 (webtiles) character file.

Game seed: 15856938452176610438

572 Ijustatesigmund the Chopper (level 7, -1/49 HPs)
             Began as an Octopode Fighter on June 30, 2021.
             Slain by Grinder (2 damage)
             ... while paralysed by Grinder
             ... on level 4 of the Dungeon.
             The game lasted 00:05:23 (3669 turns).

Ijustatesigmund the Chopper (Octopode Fighter)      Turns: 3669, Time: 00:05:23

Health: -1/49      AC:  1    Str: 15    XL:     7   Next: 34%
Magic:  7/7        EV:  2    Int: 12    God:
Gold:   202        SH:  0    Dex: 14    Spells: 6/6 levels left

rFire    . . .     SeeInvis .   a - +1 war axe
rCold    . . .     Faith    .   b - +2 kite shield
rNeg     . . .     Spirit   .   (helmet restricted)
rPois    +         Reflect  .   (no amulet)
rElec    .         Harm     .   k - ring of poison resistance
rCorr    .         Rampage  .   (no ring)
Will     .....                  (no ring)
Stlth    +++.......             (no ring)
HPRegen  0.16/turn              (no ring)
MPRegen  0.10/turn              (no ring)
                                (no ring)
                                (no ring)

@: paralysed
A: almost no armour, stealthy swim, amphibious, 8 rings, constrict 8, beak,
repulsion field 1, camouflage 1, agile 1, poison resistance, gelatinous body 1
a: no special abilities


You were on level 4 of the Dungeon.
You visited 1 branch of the dungeon, and saw 4 of its levels.

You collected 202 gold pieces.

Inventory:

Hand Weapons
 a - a +1 war axe (weapon)
Missiles
 e - 40 poisoned darts (quivered)
Armour
 b - a +2 kite shield (worn)
 d - the +0 hat "Putzuvept" {rF- Int+7}
   (You found it on level 4 of the Dungeon)

   It affects your intelligence (+7).
   It makes you vulnerable to fire.
Jewellery
 k - a ring of poison resistance (left tentacle)
Scrolls
 g - 2 scrolls of remove curse
 h - a scroll of immolation
Potions
 f - a potion of ambrosia {unknown}
 i - a potion of curing
 j - 2 potions of lignification {unknown}


   Skills:
 + Level 4.4 Fighting
 * Level 5.1 Axes
 - Level 3.7 Dodging
 + Level 3.3 Stealth
 + Level 4.5 Shields


You had 6 spell levels left.
You didn't know any spells.
Your spell library was empty.

Dungeon Overview and Level Annotations

Branches:
Dungeon (4/15)             Temple (0/1) D:4

Altars:
Makhleb

Annotations:
D:4 Grinder


Innate Abilities, Weirdness & Mutations

You cannot wear most types of armour.
You are very stealthy in the water. (Stealth+)
You are amphibious.
You can wear up to eight rings at the same time.
You can use your tentacles to constrict eight enemies at once.
Your skin changes colour to match your surroundings (Stealth+).
Your rubbery body absorbs attacks. (AC +1, EV +1)
You have a beak for a mouth.
You are surrounded by a mild repulsion field. (EV +2)
You are agile. (Dex +2)
Your system is resistant to poisons. (rPois)


Message History

You slash Grinder! You grab Grinder. You peck Grinder, but do no damage.
Grinder is moderately wounded.
You constrict Grinder. You block Grinder's attack.
You hit Grinder but do no damage. You squeeze Grinder.
Grinder is heavily wounded.
You constrict Grinder. Grinder hits you.
You writhe in agony.
You barely miss Grinder. You squeeze Grinder, but do no damage.
Grinder is severely wounded.
You constrict Grinder. Grinder gestures at you.
You suddenly lose the ability to move!
You lose your grip on Grinder.
Grinder gestures at you. Pain shoots through your body! Grinder hits you.
You writhe in agony.
Grinder hits you!
* * * LOW HITPOINT WARNING * * *
Grinder hits you!
* * * LOW HITPOINT WARNING * * *
You writhe in agony.
You die...

#.......................
#.........#####.#...<...
######.#### #..........
#.# #..........
##.#######...#......
#####............#......
..........###.[.###.....
##....$.................
#.....@..#...#.....#...
#.....5..#.###..>..###.
#........# #.....#...
#........# ...........
#........# ....###...##
#........# .... #...#
#........# #..#
#........# ..#


You could see Grinder.

Vanquished Creatures
  Menkaure (D:4)
  An ogre (D:4)
  A scorpion (D:4)
  A howler monkey (D:4)
  Natasha (twice) (D:3)
  A worker ant (D:4)
  9 adders
  2 oozes
  An adder skeleton (D:4)
  5 worms
  4 dart slugs
  4 leopard geckos
  2 orcs (D:3)
  7 bats
  7 giant cockroaches
  12 goblins
  7 hobgoblins
  4 jackals
  4 kobolds
  A quokka (D:3)
  2 ball pythons
  8 frilled lizards
  12 rats
98 creatures vanquished.

Notes
Turn   | Place    | Note
-------+----------+-------------------------------------------
     0 | D:1      | Ijustatesigmund the Octopode Fighter began the quest for
                  | the Orb.
     0 | D:1      | Reached XP level 1. HP: 16/16 MP: 1/1
   307 | D:1      | Reached XP level 2. HP: 20/21 MP: 2/2
  1137 | D:1      | Reached XP level 3. HP: 26/26 MP: 3/3
  1519 | D:2      | Gained mutation: You are agile. (Dex +2) [potion of
                  | mutation]
  1519 | D:2      | Gained mutation: You are surrounded by a mild repulsion
                  | field. (EV +2) [potion of mutation]
  1519 | D:2      | Gained mutation: Your system is resistant to poisons.
                  | (rPois) [potion of mutation]
  1519 | D:2      | Gained mutation: You have a beak for a mouth. [potion of
                  | mutation]
  1522 | D:2      | Reached skill level 3 in Axes
  1530 | D:2      | Reached XP level 4. HP: 27/31 MP: 4/4
  1562 | D:2      | Found a faded altar of an unknown god.
  2174 | D:3      | Noticed Natasha
  2178 | D:3      | Killed Natasha
  2179 | D:3      | Reached XP level 5. HP: 36/36 MP: 5/5
  2732 | D:3      | Found a burning altar of Makhleb.
  2742 | D:3      | Reached skill level 1 in Stealth
  2966 | D:3      | Reached skill level 4 in Axes
  3029 | D:3      | Noticed Natasha
  3035 | D:3      | Killed Natasha
  3036 | D:3      | Reached XP level 6. HP: 32/43 MP: 6/6
  3405 | D:4      | Found a staircase to the Ecumenical Temple.
  3412 | D:4      | Got a crude hat
  3418 | D:4      | Identified the +0 hat "Putzuvept" {rF- Int+7} (You found it
                  | on level 4 of the Dungeon)
  3490 | D:4      | Noticed Menkaure
  3497 | D:4      | Killed Menkaure
  3498 | D:4      | Reached skill level 5 in Axes
  3498 | D:4      | Reached XP level 7. HP: 26/49 MP: 7/7
  3654 | D:4      | Noticed Grinder
  3665 | D:4      | Paralysed by Grinder for 7 turns
  3669 | D:4      | HP: 1/49 [Grinder (8)]
  3669 | D:4      | Slain by Grinder

Illustrated notes

Levels and vault maps discovered:
D:1:      minmay_arrival_stone_box, layout_basic
D:2:      layout_rooms, chequers_ecumenical_altar_island
D:3:      layout_basic, minmay_misc_feat_more_columns, bloody_makhleb,
          uniq_natasha
D:4:      layout_rooms, minmay_temple_entry_tees, uniq_menkaure, uniq_grinder

Skill      XL: |  1  2  3  4  5  6 |
---------------+-------------------+-----
Axes           | 3 4 5 |  5.1
Stealth        | 1 3 |  3.3
Fighting       | 4 |  4.4
Shields        | 4 |  4.5
Dodging        | |  3.7

Action                   |  1- 3 |  4- 6 |  7- 9 || total
-------------------------+-------+-------+-------++-------
Melee: War axe           |    56 |    97 |     9 ||   162
       Tentacles         |     9 |    15 |     6 ||    30
       Constrict         |    18 |    32 |     2 ||    52
       Peck              |       |    23 |     4 ||    27
Throw: Dart              |       |     4 |       ||     4
  Use: Scroll            |     7 |     5 |       ||    12
       Potion            |     1 |     1 |       ||     2
 Stab: Sleeping          |     3 |     7 |       ||    10
       Distracted        |       |     1 |       ||     1
Armor: Skin              |     3 |     3 |       ||     6
Dodge: Dodged            |    24 |    41 |     3 ||    68
Block: Kite shield       |    26 |    38 |     3 ||    67
